 Dungeon Crawl Stone Soup version 0.27-a0-780-geb8d7bc690 (webtiles) character file.

Game seed: 12674897962082931559

2503 Glokmah the Cutter (level 9, 58/58 HPs)
             Began as a Halfling Warper on Feb 17, 2021.
             Was a Believer of Fedhas.
             Quit the game on level 7 of the Dungeon on Mar 26, 2021.
             The game lasted 00:21:38 (7858 turns).

Glokmah the Cutter (Halfling Warper)                Turns: 7858, Time: 00:21:38

Health: 58/58      AC: 17    Str: 18    XL:     9   Next: 82%
Magic:  11/13      EV: 16    Int: 13    God:    Fedhas [**....]
Gold:   370        SH:  0    Dex: 15    Spells: 1/14 levels left

rFire    + . .     SeeInvis .   a - +2 dagger (speed)
rCold    . . .     Faith    .   (shield restricted)
rNeg     . . .     Spirit   .   w - +2 leather armour {rF+}
rPois    .         Reflect  .   C - +2 helmet
rElec    .         Harm     .   m - +0 cloak
rCorr    .         Rampage  .   y - +0 pair of gloves
Will     .....                  x - +2 pair of boots
Stlth    ++........             f - amulet of regeneration
HPRegen  1.19/turn              o - +4 ring of protection
MPRegen  0.13/turn              t - +6 ring of strength

@: no status effects
A: small, no large weapons, mutation resistance 1
a: Renounce Religion, Wall of Briars


You were on level 7 of the Dungeon.
You worshipped Fedhas.
Fedhas was pleased with you.
You visited 1 branch of the dungeon, and saw 7 of its levels.

You collected 370 gold pieces.

Inventory:

Hand Weapons
 a - a +2 dagger of speed (weapon)
 b - a +0 hunting sling of freezing
Missiles
 e - 5 boomerangs of dispersal
 i - 124 stones
 j - 8 poisoned darts (quivered)
 k - 50 sling bullets
Armour
 m - a +0 cloak (worn)
 u - a +2 kite shield
 w - a +2 leather armour of fire resistance (worn)
 x - a +2 pair of boots (worn)
 y - a +0 pair of gloves (worn)
 C - a +2 helmet (worn)
Jewellery
 f - an amulet of regeneration (around neck)
 g - a ring of poison resistance
 o - a +4 ring of protection (right hand)
 t - a +6 ring of strength (left hand)
 B - a ring of see invisible
Scrolls
 d - 2 scrolls of blinking
 n - a scroll of fear
 q - 2 scrolls of noise
 v - a scroll of magic mapping
 z - a scroll of teleportation
 A - a scroll of acquirement {unknown}
 F - a scroll of amnesia
Potions
 c - 2 potions of berserk rage
 h - 6 potions of curing
 l - a potion of lignification
 p - 2 potions of brilliance
 r - a potion of magic
 s - a potion of heal wounds
 D - a potion of attraction
 E - 2 potions of mutation


   Skills:
 + Level 4.0 Fighting
 * Level 7.3 Short Blades
 - Level 1.0 Throwing
 - Level 3.0 Armour
 + Level 4.9 Dodging
 + Level 2.2 Stealth
 * Level 5.6 Shields
 - Level 3.0 Spellcasting
 * Level 7.2 Translocations
 + Level 1.8 Invocations


You had one spell level left.
You knew the following spells:

 Your Spells              Type           Power      Damage    Failure   Level
a - Blink                 Tloc           N/A        N/A       1%          2
b - Gell's Gravitas       Tloc           10%        N/A       4%          3
c - Teleport Other        Tloc           20%        N/A       4%          3
d - Manifold Assault      Tloc           20%        N/A       36%         5

Your spell library contained the following spells:

 Spells                   Type           Power      Damage    Failure   Level
 Corona                   Hex            1%         N/A       26%         1
 Lesser Beckoning         Tloc           10%        N/A       4%          3
 Ensorcelled Hibernation  Hex/Ice        2%         N/A       38%         2
 Confusing Touch          Hex            1%         N/A       63%         3
 Dazzling Flash           Conj/Hex       2%         N/A       63%         3
 Tukima's Dance           Hex            1%         N/A       63%         3


Dungeon Overview and Level Annotations

Branches:
Dungeon (7/15)             Temple (0/1) D:5

Altars:
Ashenzari
Dithmenos
Fedhas
Vehumet
The Shining One

Annotations:
D:4 3 runed translucent doors, Murumi's ghost, amateur OgGl
D:6 3 runed translucent doors, TimeIsEndless's ghost, novice DsFi


Innate Abilities, Weirdness & Mutations

You are small and have problems with some larger weapons.
You are somewhat resistant to further mutation.


Message History

You barely miss the ice beast.
The ice beast is heavily wounded.
You hit the ice beast but do no damage.
The ice beast is heavily wounded.
The ice beast hits you but does no damage.
You hit the ice beast but do no damage.
The ice beast is heavily wounded.
You hit the ice beast.
The ice beast is severely wounded.
You feel sick.
You are no longer poisoned.
You hit the ice beast but do no damage.
The ice beast is severely wounded.
The ice beast completely misses you.
You hit the ice beast but do no damage.
The ice beast is severely wounded.
You hit the ice beast.
The ice beast is severely wounded.
The ice beast hits you but does no damage.
You hit the ice beast.
The ice beast is severely wounded.
You hit the ice beast.
The ice beast is almost dead.
You hit the ice beast.
You kill the ice beast!
Fedhas accepts your kill.
No target in view!
There are no objects that can be picked up here. a killer bee corpse x3
Welcome back, Glokmah the Halfling Warper.
Fedhas says: Spread life and death.
Press ? for a list of commands and other information.
Unknown command.
Unknown command.
Unknown command.
Saving game... please wait.
Welcome back, Glokmah the Halfling Warper.
Fedhas says: Spread life and death.
Press ? for a list of commands and other information.
Are you sure you want to abandon this character and quit the game? (Confirm with "yes".)

..##.........# #
####.........# .. ##
##......### .# .#
####...## ####
####.## ##
####.###..####.....##
. #
##†......##....... ..
# #........$....# ...
#............## .yy_
#.....@.......##...(.
#...................y
#...............##..
#..............##
#........).....#
#...............
#................
##................
#.................


There were no monsters in sight!

Vanquished Creatures
  Pikel (D:4)
  Eustachio (D:3)
  2 ice beasts
  An orc warrior (D:6)
  A sky beast (D:6)
  4 ogres
  4 lemures (D:3)
  A phantom (D:7)
  A bullfrog (D:6)
  A wyvern skeleton (D:6)
  A scorpion (D:5)
  5 killer bees (D:7)
  3 wights
  3 hounds
  An orc priest (D:6)
  A centaur skeleton (D:4)
  4 orc wizards
  2 iguanas
  2 removed worker ants
  3 gnolls (D:5)
  8 adders
  3 shadow imps (D:5)
  A white imp (D:6)
  An endoplasm (D:2)
  An adder zombie (D:5)
  An adder skeleton (D:4)
  4 worms
  3 dart slugs
  14 orcs
  4 removed leopard geckos
  2 giant cockroaches (D:1)
  10 goblins
  6 hobgoblins
  9 jackals
  8 quokkas
  9 bats
  4 frilled lizards
  A goblin skeleton (D:5)
  A goblin zombie (D:5)
  2 hobgoblin zombies (D:5)
  A jackal zombie (D:6)
  8 kobolds
  A kobold skeleton (D:5)
  A kobold zombie (D:5)
  An orc skeleton (D:5)
  2 orc zombies (D:5)
  11 rats
159 creatures vanquished.

Vanquished Creatures (others)
  An orc wizard (D:5)
  21 toadstools (D:3)
22 creatures vanquished.

Grand Total: 181 creatures vanquished

Notes
Turn   | Place    | Note
-------+----------+-------------------------------------------
     0 | D:1      | Glokmah the Halfling Warper began the quest for the Orb.
     0 | D:1      | Reached XP level 1. HP: 14/14 MP: 3/3
   106 | D:1      | Reached XP level 2. HP: 15/19 MP: 4/4
   289 | D:1      | Reached XP level 3. HP: 24/24 MP: 5/5
   332 | D:1      | Learned a level 2 spell: Blink
   829 | D:1      | Reached XP level 4. HP: 27/29 MP: 6/6
  1018 | D:2      | Learned a level 3 spell: Gell's Gravitas
  1915 | D:3      | Reached XP level 5. HP: 34/34 MP: 7/7
  2360 | D:3      | Found a blossoming altar of Fedhas.
  2373 | D:3      | Noticed an oklob plant
  2948 | D:4      | Noticed Pikel
  2948 | D:4      | Noticed a lemure
  2948 | D:4      | Noticed a lemure
  2948 | D:4      | Noticed a lemure
  2948 | D:4      | Noticed a lemure
  2967 | D:3      | Killed a lemure
  3174 | D:4      | Noticed Eustachio
  3287 | D:3      | Killed Eustachio
  3288 | D:3      | Reached skill level 1 in Shields
  3288 | D:3      | Reached XP level 6. HP: 20/41 MP: 1/9
  3385 | D:4      | Found a radiant altar of Vehumet.
  3429 | D:4      | Noticed an ogre
  3516 | D:4      | Found a runed translucent gate.
  3518 | D:4      | Found a runed translucent gate.
  3526 | D:4      | Found a runed translucent gate.
  3527 | D:4      | Noticed Murumi's ghost (amateur OgGl)
  3979 | D:4      | Killed Pikel
  3980 | D:4      | Reached skill level 5 in Short Blades
  3980 | D:4      | Reached skill level 5 in Translocations
  3980 | D:4      | Reached XP level 7. HP: 46/46 MP: 10/10
  3980 | D:4      | Reached XP level 8. HP: 52/52 MP: 11/11
  4462 | D:3      | Became a worshipper of Fedhas Madash
  4541 | D:5      | Entered Level 5 of the Dungeon
  4880 | D:5      | Found a broken altar of Ashenzari.
  4957 | D:5      | Found a glowing golden altar of the Shining One.
  4994 | D:5      | Reached * piety under Fedhas
  5012 | D:5      | Found a staircase to the Ecumenical Temple.
  5042 | D:5      | Learned a level 3 spell: Teleport Other
  5047 | D:5      | Learned a level 5 spell: Manifold Assault
  5581 | D:5      | Reached XP level 9. HP: 57/57 MP: 13/13
  5941 | D:6      | Found a runed translucent gate.
  6494 | D:6      | Reached ** piety under Fedhas
  6505 | D:6      | Reached skill level 1 in Stealth
  6529 | D:6      | Reached skill level 5 in Shields
  6736 | D:6      | Reached skill level 1 in Invocations
  7333 | D:6      | Found a runed translucent gate.
  7336 | D:6      | Found a runed translucent gate.
  7338 | D:6      | Noticed TimeIsEndless's ghost (novice DsFi)
  7677 | D:7      | Found a shadowy altar of Dithmenos.
  7856 | D:7      | Upgraded the game from 0.27-a0-379-g34d631faf5 to
                  | 0.27-a0-780-geb8d7bc690
  7858 | D:7      | Quit the game

Illustrated notes

Levels and vault maps discovered:
D:1:      lemuel_arrival_broad_hall, layout_rooms
D:2:      layout_basic
D:3:      layout_loops_ring, tgw_fedhas, chequers_serial_rivers_small_a,
          hangedman_decor_push, serial_park_tiny_1, minmay_door_square,
          wander_ebering_terrifying_dragon_lair
D:4:      layout_rooms, lemuel_crystal_altar, gammafunk_ghost_split,
          uniq_eustachio, uniq_pikel
D:5:      layout_basic, nicolae_tso_besieged_by_evil,
          ashenzari_conservatory_becter, minmay_temple_entry_offerings,
          chequers_serial_rivers_micro_c
D:6:      layout_basic, ebering_ghost_rock_garden, st_stairs_11, dk_vineyard_1
D:7:      layout_cave_pods, nicolae_dithmenos_shadow_blocks

Skill      XL: |  1  2  3  4  5  6  7  8  9 |
---------------+----------------------------+-----
Short Blades   | 3 4 5 6 7 |  7.3
Fighting       | 2 3 4 |  4.0
Translocations | 4 5 6 7 |  7.2
Spellcasting   | 2 3 |  3.0
Armour         | 2 3 |  3.0
Dodging        | 3 4 |  4.9
Shields        | 1 3 4 5 |  5.6
Stealth        | 2 |  2.2
Invocations    | 1 |  1.8
Throwing       | |  1.0

Action                   |  1- 3 |  4- 6 |  7- 9 || total
-------------------------+-------+-------+-------++-------
Melee: Short sword       |   154 |    82 |       ||   236
       Rapier            |       |   164 |       ||   164
       Dagger            |       |   188 |   891 ||  1079
 Fire: Hunting sling     |       |       |     2 ||     2
Throw: Stone             |       |     6 |     5 ||    11
 Cast: Blink             |       |     6 |     3 ||     9
       Gell's Gravitas   |       |       |     2 ||     2
       Manifold Assault  |       |       |     6 ||     6
  Use: Scroll            |       |    13 |     5 ||    18
 Stab: Sleeping          |       |     1 |     1 ||     2
Armor: Leather armour    |    40 |   138 |   151 ||   329
Dodge: Dodged            |   133 |   336 |   310 ||   779

Table legend: (Time is in decaauts)
 A = Elapsed time spent in this place.
 B = Non-inter-level travel time spent in this place.
 C = Inter-level travel time spent in this place.
 D = Time resting spent in this place.
 E = Time spent auto-exploring this place.
 F = Levels seen in this place.
 G = Mean time per level.
                   A        B        C        D        E       F      G
               +--------+--------+--------+--------+--------+-----+--------+
         Total |   7312 |   6466 |    846 |    387 |   3646 |   7 | 1044.6 |
       Dungeon |   7312 |   6466 |    846 |    387 |   3646 |   7 | 1044.6 |
               +--------+--------+--------+--------+--------+-----+--------+

Top non-repeatable levels by time:
     D:3: 1949 daAuts
     D:6: 1345 daAuts
     D:5: 1298 daAuts
     D:2: 1010 daAuts
     D:4: 791 daAuts
     D:1: 783 daAuts
     D:7: 134 daAuts
